 Dungeon Crawl Stone Soup version 0.31-a0-1589-g8f5e8aebd6 (webtiles) character file.

Game seed: 7225498978913959207

7 Laraso the Sneak (level 1, -2/18 HPs)
             Began as an Armataur Delver on Jan 5, 2024.
             Slain by an adder (3 damage)
             ... in a sewer.
             The game lasted 00:01:00 (234 turns).

Laraso the Sneak (Armataur Delver)                   Turns: 234, Time: 00:01:00

Health: -2/18      AC:  4    Str: 17    XL:     1   Next: 83%
Magic:  1/1        EV:  9    Int: 10    God:
Gold:   10         SH:  0    Dex: 11    Spells: 0/0 levels left

rFire   . . .        a - +0 mace
rCold   . . .        (no shield)
rNeg    . . .        b - +0 leather armour
rPois   .            (no helmet)
rElec   .            (no cloak)
rCorr   .            (no gloves)
SInv    .            (no barding)
Will    +....        (no amulet)
Stlth   +++          (no ring)
HPRegen 0.23/turn    (no ring)
MPRegen 0.07/turn

%: roll
@: lethally poisoned (-2 -> -7), enlightened, flying, hasted, very quick
A: large, deformed body, tough skin 3, armoured tail, roll 1
a: no special abilities


You were in a sewer.
You visited 1 branch of the dungeon, and saw 1 of its levels.
You also visited: Sewer.

You collected 10 gold pieces.

Inventory:

Hand Weapons
 a - a +0 mace (weapon)
Armour
 b - a +0 leather armour (worn)
Wands
 g - a wand of digging (3)
Scrolls
 c - a scroll of fog
 d - a scroll of revelation
 e - a scroll of fear
 h - a scroll of enchant armour {unknown}


   Skills:
 - Level 2.6 Fighting
 * Level 2.4 Maces & Flails
 - Level 1.3 Dodging
 - Level 5.4 Stealth


You couldn't memorise any spells.
You didn't know any spells.
Your spell library contained the following spells:

 Spells                   Type           Power      Damage    Failure   Level
 Kiss of Death            Conj/Necr      0%         2d5       43%         1
 Confusing Touch          Hex            0%         N/A       80%         3
 Dispel Undead            Necr           0%         3d6       99%         4


Dungeon Overview and Level Annotations

Branches:
Dungeon (5/15)              Sewer (1/1)
 Temple: D:4-7

Altars:
The Shining One


Innate Abilities, Weirdness & Mutations

Armour fits poorly on your strangely shaped body.
You have extremely tough skin. (AC +3)
You have a long armoured tail.
You regenerate magic when rolling toward enemies. (Rampage MPRegen)


Message History

You kill the giant cockroach!
No target in view!
No target in view!
You enter the shallow water.
There is a gate leading back out of this place here.
You enter the shallow water.
There is an empty arch of ancient stone here.
An adder comes into view.
The adder hisses angrily.
The adder bites you.
You closely miss the adder.
A giant cockroach comes into view.
The adder bites you but does no damage. x2
You closely miss the adder. The adder bites you.
You closely miss the adder. The adder closely misses you. The adder bites you.
You miss the adder. The adder misses you. The adder bites you.
The adder attacks as it pursues you! The adder closely misses you.
You barely miss the adder. The adder bites you.
You are poisoned.
The adder poisons you! The adder bites you but does no damage.
You hit the adder.
The adder is severely wounded.
You feel sick. The adder bites you.
You are too injured to fight recklessly!
You miss the adder.
Your tail-slap misses the adder.
The adder is severely wounded.
You feel sick. The adder bites you.
* * * LOW HITPOINT WARNING * * *
You are lethally poisoned!
The adder poisons you! The adder bites you but does no damage.
You feel yourself speed up.
* * * LOW HITPOINT WARNING * * *
You feel very sick. The adder barely misses you.
It was a potion of enlightenment.
You feel very buoyant.
You fly up into the air.
* * * LOW HITPOINT WARNING * * *
You feel sick. The adder bites you.
You die...

#~.#
#~~#
#.~#
#~~#
#~.#
#~~#
#..#
##S##
#.@#
#∩.#
#..##
##.~#
#~~#
##∩#
###


You could see an adder.

Vanquished Creatures
  2 giant cockroaches
  3 quokkas (D:5)
5 creatures vanquished.

Vanquished Creatures (others)
  An orc (D:5)
1 creature vanquished.

Grand Total: 6 creatures vanquished

Notes
Turn   | Place    | Note
-------+----------+-------------------------------------------
     0 | D:5      | Laraso the Armataur Delver began the quest for the Orb.
     0 | D:5      | Reached XP level 1. HP: 18/18 MP: 1/1
    15 | D:5      | Found a glowing golden altar of the Shining One.
    16 | D:5      | Noticed a hound
    48 | D:5      | Noticed a hound
   170 | D:5      | Found a glowing drain.
   186 | Sewer    | Entered a sewer
   234 | Sewer    | Slain by an adder

Illustrated notes

Levels and vault maps discovered:
D:5:      layout_basic, overflow_temple_1_default,
          nicolae_kikubaaqudgha_miasma_corner, serial_corexii_hall,
          corexii_hall_statues_l, corexii_hall_statues_deadend,
          corexii_hall_statues_i, corexii_hall_statues_i,
          corexii_hall_statues_i, corexii_hall_statues_i, gup_sewer_entry_pipe
Sewer:    sewer_frog_island_02

Skill      XL: |  1 |
---------------+----+-----
Maces & Flails | 2 |  2.4
Fighting       | |  2.6
Dodging        | |  1.3
Stealth        | |  5.4

Action                     || total
---------------------------++-------
  Melee: Mace              ||    40
         Tailslap          ||     5
    Use: Potion            ||     2
   Stab: Sleeping          ||     1
 Armour: Leather armour    ||    26
  Dodge: Dodged            ||    21

Table legend: (Time is in decaauts)
 A = Elapsed time spent in this place.
 B = Non-inter-level travel time spent in this place.
 C = Inter-level travel time spent in this place.
 D = Time resting spent in this place.
 E = Time spent auto-exploring this place.
 F = Levels seen in this place.
 G = Mean time per level.
                   A        B        C        D        E       F      G
               +--------+--------+--------+--------+--------+-----+--------+
         Total |    245 |    245 |      0 |     36 |      0 |   2 |  122.5 |
       Dungeon |    195 |    195 |      0 |     36 |      0 |   1 |  195.0 |
         Sewer |     50 |     50 |      0 |      0 |      0 |   1 |   50.0 |
               +--------+--------+--------+--------+--------+-----+--------+

Top non-repeatable levels by time:
     D:5: 195 daAuts
   Sewer: 50 daAuts
